 Dungeon Crawl Stone Soup version 0.31-a0-163-gb40cd77e26 (webtiles) character file.

Game seed: 18173053505449604203

165 qw the Chopper (level 5, -4/32 HPs)
             Began as a Gargoyle Fighter on June 13, 2023.
             Was an Initiate of Okawaru.
             Slain by Grinder (7 damage)
             ... while paralysed by Grinder
             ... on level 4 of the Dungeon.
             The game lasted 00:01:20 (2488 turns).

qw the Chopper (Gargoyle Fighter)                   Turns: 2488, Time: 00:01:21

Health: -4/32      AC: 10    Str: 22    XL:     5   Next: 46%
Magic:  5/5        EV:  2    Int:  8    God:    Okawaru [......]
Gold:   223        SH:  0    Dex: 15    Spells: 4/4 levels left

rFire   . . .        Y - +0 war axe
rCold   . . .        c - +0 buckler
rNeg    + . .        b - +0 scale mail
rPois   inf          (no helmet)
rElec   +            (no cloak)
rCorr   +            (no gloves)
SInv    .            (no boots)
Will    .....        (no amulet) Stlth
                     l - +6 ring of dexterity
HPRegen 0.25/turn    o - ring of resist corrosion
MPRegen 0.09/turn

%: no passive effects
@: confused, paralysed
A: sickness immunity, AC +4, negative energy resistance 1, electricity
resistance, torment resistance 1, petrification resistance
a: Renounce Religion


You were on level 4 of the Dungeon.
You worshipped Okawaru.
Okawaru was noncommittal.
You visited 1 branch of the dungeon, and saw 4 of its levels.

You collected 223 gold pieces.


Innate Abilities, Weirdness & Mutations

You are immune to sickness and miasma.
Your stone body is resilient. (AC +4)
You are immune to poison.
You resist negative energy. (rN+)
You are resistant to electric shocks. (rElec)
You are resistant to unholy torment.
You are immune to petrification.


   Skills:
 - Level 3.2 Fighting
 + Level 4.6 Axes
 - Level 3.2 Armour
 - Level 1.3 Dodging
 - Level 3.2 Shields


You had 4 spell levels left.
You didn't know any spells.
Your spell library was empty.

Inventory:

Hand Weapons
 m - a +0 morningstar
 Y - a +0 war axe (weapon)
Missiles
 j - 7 boomerangs (quivered)
Armour
 b - a +0 scale mail (worn)
 c - a +0 buckler (worn)
Jewellery
 l - a +6 ring of dexterity (left hand)
 o - a ring of resist corrosion (right hand)
Potions
 a - a potion of haste {unknown}
 d - a potion of might
 e - a potion of enlightenment {unknown}
 f - a potion of attraction {unknown}
 g - a potion of resistance {unknown}
 i - a potion of heal wounds {unknown}
 k - 2 potions of curing
 n - a potion of lignification {unknown}

Dungeon Overview and Level Annotations

Branches:
Dungeon (4/15)
 Temple: D:4-7

Altars:
Dithmenos
Okawaru
Sif Muna
Xom

Annotations:
D:4 Grinder


Message History

The orc hits you with a +1 dagger of electrocution.
Grinder blinks!
The gnoll hits you with a +0 whip.
The quokka bites you but does no damage.
You hit the gnoll.
The gnoll is heavily wounded.
You hit the quokka. You slash the orc!
You kill the orc!
Okawaru accepts your kill. The gnoll barely misses you.
The quokka bites you but does no damage.
The gnoll closely misses you. Grinder gestures at you.
You resist with significant effort.
You hit the quokka but do no damage.
The quokka is severely wounded.
You slash the gnoll!
You kill the gnoll!
Okawaru accepts your kill.
You closely miss Grinder. The quokka barely misses you.
Grinder closely misses you.
You closely miss the quokka.
The quokka is severely wounded.
You closely miss the goblin. You closely miss Grinder.
The quokka barely misses you. The quokka closely misses you.
The goblin barely misses you. Grinder hits you but does no damage.
You miss the quokka.
The quokka is severely wounded.
You barely miss the goblin. You hit Grinder.
The quokka bites you but does no damage.
Grinder gestures at you.
You suddenly lose the ability to move!
The goblin hits you but does no damage.
The quokka bites you but does no damage.
The orc wizard hits you with a +0 dagger.
Grinder drinks a potion.
Grinder seems to grow stronger.
The goblin hits you but does no damage.
The quokka bites you but does no damage.
The orc wizard points at you and mumbles some strange words.
You are confused.
Grinder hits you!
You die...
K

#. ... #..r
#....
#.#...#####+#
......)g@5..#
#......r)o..#
............+
.#....##....#
#.... #....#
#.... ..)....
#... .........
#....##.......


You could see Grinder (strong), an orc wizard, a quokka and a goblin.

Vanquished Creatures
  An orc wizard (D:4)
  2 gnolls
  3 adders
  3 worms
  A dart slug (D:2)
  9 orcs
  4 bats
  8 endoplasms
  2 giant cockroaches (D:1)
  4 goblins
  A hobgoblin (D:1)
  7 jackals
  2 quokkas (D:2)
  8 ball pythons
  6 frilled lizards
  7 kobolds
  5 rats
73 creatures vanquished.

Notes
Turn   | Place    | Note
-------+----------+-------------------------------------------
     0 | D:1      | qw the Gargoyle Fighter began the quest for the Orb.
     0 | D:1      | Reached XP level 1. HP: 14/14 MP: 1/1
     0 | D:1      | 0 ||| qw: Version: 0.2-a-29-gc1b59c4
     0 | D:1      | 0 ||| qw: Game counter: 4444
     0 | D:1      | 0 ||| qw: Always use a shield: true
     0 | D:1      | 0 ||| qw: God list: Okawaru
     0 | D:1      | 0 ||| qw: Allow faded altars: false
     0 | D:1      | 0 ||| qw: Do Orc after D:15 true
     0 | D:1      | 0 ||| qw: Do second Lair branch before Depths: true
     0 | D:1      | 0 ||| qw: Lair rune preference: random
     0 | D:1      | 0 ||| qw: Plans: Normal, Zot:1-4, Slime:5, God:TSO, Crypt,
                  | Tomb, Abyss, Pan, Hells, Win
     0 | D:1      | 0 ||| PLANNING D:1-11
    35 | D:1      | 35 ||| Stepping ~*~*~tactically~*~*~ (hiding).
    41 | D:1      | Reached skill level 2 in Axes
   232 | D:1      | Reached XP level 2. HP: 19/19 MP: 2/2
   232 | D:1      | 232 ||| Stepping ~*~*~tactically~*~*~ (stealth).
   233 | D:1      | 233 ||| Stepping ~*~*~tactically~*~*~ (stealth).
   262 | D:1      | 262 ||| Stepping ~*~*~tactically~*~*~ (stealth).
   441 | D:1      | 441 ||| Stepping ~*~*~tactically~*~*~ (stealth).
   638 | D:1      | Reached skill level 3 in Axes
   638 | D:1      | Reached XP level 3. HP: 7/23 MP: 3/3
   846 | D:1      | 846 ||| READING scroll labelled WALEIR TINKE.
   847 | D:1      | 847 ||| READING scroll labelled REUDAZ HUINTUE.
   848 | D:1      | 848 ||| READING scroll labelled TEG FIMODI.
   851 | D:1      | 851 ||| DRINKING 2 yellow potions.
   894 | D:2      | Found a shadowy altar of Dithmenos.
  1312 | D:2      | 1312 ||| Stepping ~*~*~tactically~*~*~ (stealth).
  1342 | D:2      | Reached XP level 4. HP: 28/28 MP: 4/4
  1508 | D:2      | 1508 ||| Stepping ~*~*~tactically~*~*~ (stealth).
  1521 | D:2      | Reached skill level 4 in Axes
  1681 | D:2      | 1681 ||| Stepping ~*~*~tactically~*~*~ (stealth).
  1696 | D:2      | 1696 ||| Stepping ~*~*~tactically~*~*~ (stealth).
  1715 | D:2      | 1715 ||| READING scroll labelled JANIOSK QOYDU.
  1809 | D:3      | 1809 ||| Stepping ~*~*~tactically~*~*~ (stealth).
  1822 | D:3      | 1822 ||| Stepping ~*~*~tactically~*~*~ (stealth).
  1826 | D:3      | 1826 ||| Stepping ~*~*~tactically~*~*~ (stealth).
  1828 | D:3      | 1828 ||| Stepping ~*~*~tactically~*~*~ (stealth).
  1982 | D:3      | HP: 3/28 [orc/+0 morningstar (8)]
  1983 | D:3      | 1983 ||| READING scroll of teleportation.
  2095 | D:3      | Found an iron altar of Okawaru.
  2096 | D:3      | 2096 ||| PLANNING OKAWARU WORSHIP
  2096 | D:3      | 2096 ||| UPGRADING to +6 ring of dexterity.
  2097 | D:3      | 2097 ||| DROPPING ring of flight.
  2098 | D:3      | 2098 ||| UPGRADING to ring of resist corrosion.
  2099 | D:3      | 2099 ||| READING scroll labelled WAPEN ISSA FIL.
  2134 | D:3      | Found a shimmering altar of Xom.
  2135 | D:3      | Found a shimmering blue altar of Sif Muna.
  2140 | D:3      | Became a worshipper of Warmaster Okawaru
  2140 | D:3      | 2140 ||| PLANNING D:1-11
  2205 | D:3      | Reached XP level 5. HP: 32/32 MP: 5/5
  2283 | D:3      | 2283 ||| DROPPING +0 flail.
  2447 | D:4      | HP: 5/32 [orc priest/divine providence (13)]
  2448 | D:4      | 2448 ||| READING scroll of teleportation.
  2452 | D:4      | Reached skill level 1 in Dodging
  2474 | D:4      | Noticed Grinder
  2478 | D:4      | 2478 ||| Stepping ~*~*~tactically~*~*~ (stealth).
  2482 | D:4      | HP: 6/32 [orc/+1 dagger of electrocution (4)]
  2486 | D:4      | Paralysed by Grinder for 5 turns
  2487 | D:4      | HP: 2/32 [orc wizard/+0 dagger (2)]
  2488 | D:4      | Slain by Grinder

Levels and vault maps discovered:
D:1:      dpeg_arrival_ternary, layout_basic
D:2:      layout_basic, basic_altar, hangedman_decor_peaks_small
D:3:      layout_basic, gammafunk_temple_overflow_forgotten
D:4:      layout_gridville, mainiacjoe_overflow_paths, minmay_surrounded,
          uniq_grinder

Skill      XL: |  1  2  3  4  5 |
---------------+----------------+-----
Axes           | 2 3 4 |  4.6
Dodging        | 1 |  1.3
Fighting       | |  3.2
Armour         | |  3.2
Shields        | |  3.2

Action                     |  1- 3 |  4- 6 || total
---------------------------+-------+-------++-------
  Melee: War axe           |    95 |   111 ||   206
  Throw: Boomerang         |       |    44 ||    44
    Use: Scroll            |     3 |     4 ||     7
         Potion            |     1 |       ||     1
 Armour: Scale mail        |    51 |    48 ||    99
  Dodge: Dodged            |    35 |    40 ||    75
  Block: Buckler           |    16 |    15 ||    31

Table legend:
 A = Non-vault XP
 B = Vault XP
 C = Vault XP percentage of total XP
 D = Non-vault monster count
 E = Vault monster count
 F = Vault count percentage of total count
                 A         B        C        D         E       F
            +---------+---------+-------+---------+---------+-------
      Total |     221 |      15 |   6.4 |      72 |       1 |   1.4
            +---------+---------+-------+---------+---------+-------
        D:1 |      43 |       0 |   0.0 |      18 |       0 |   0.0
        D:2 |      82 |       0 |   0.0 |      29 |       0 |   0.0
        D:3 |      49 |       0 |   0.0 |      19 |       0 |   0.0
        D:4 |      47 |      15 |  24.2 |       6 |       1 |  14.3
            +---------+---------+-------+---------+---------+-------
